 Dungeon Crawl Stone Soup version 0.17-a0-744-gaa96792 (webtiles) character file.

7301 Ftr the Brawler (level 10, -2/91 HPs)
             Began as a Troll Monk on Apr 21, 2015.
             Was an Elder of Makhleb.
             Slain by a two-headed hydra (13 damage)
             ... on level 9 of the Dungeon.
             The game lasted 00:18:47 (7625 turns).

Ftr the Brawler (Troll Monk)                        Turns: 7625, Time: 00:18:47

Health: -2/91      AC:  9    Str: 21    XL:     10   Next: 90%
Magic:  10/10      EV: 11    Int:  6    God:    Makhleb [****..]
Gold:   439        SH:  0    Dex: 15    Spells: 0 memorised, 9 levels left

rFire  . . .     SeeInvis .       - Unarmed
rCold  . . .     Clarity  .     V - +0 troll leather armour
rNeg   . . .     SustAb   .     (no shield)
rPois  .         Gourm    +     I - +1 hat
rElec  .         Spirit   .     s - +0 cloak
rCorr  .         Warding  .     (gloves unavailable)
rMut   .         Stasis   .     (boots unavailable)
MR     .....                    (no amulet)
Stlth  +.........               (no ring)
                                (no ring)

@: about to teleport, not resistant to hostile enchantments, very unstealthy
A: unfitting armour, claws 3, fast metabolism 3, gourmand, regeneration 2,
shaggy fur 1, tough skin 2
a: Minor Destruction, Lesser Servant of Makhleb, Major Destruction, Renounce
Religion


You were on level 9 of the Dungeon.
You worshipped Makhleb.
Makhleb was greatly pleased with you.
You were very full.

You visited 2 branches of the dungeon, and saw 10 of its levels.

You collected 439 gold pieces.

Inventory:

Missiles
 x - 2 tomahawks of returning (quivered)
 E - 7 tomahawks
Armour
 a - a +0 robe
 s - a +0 cloak (worn)
 I - a +1 hat (worn)
 V - a +0 troll leather armour (worn)
Magical staves
 U - an uncursed staff of summoning {unknown}
Jewellery
 f - an uncursed amulet of regeneration {unknown}
 u - an uncursed amulet of resist corrosion {unknown}
 J - an uncursed amulet of regeneration {unknown}
 L - an uncursed ring of positive energy {unknown}
Magical devices
 w - a wand of magic darts (18)
 D - a wand of cold (13)
 F - a wand of slowing (19)
 K - a wand of magic darts (29)
 P - a wand of polymorph (14)
 T - a wand of disintegration (13)
Scrolls
 e - a scroll of fog
 g - 6 scrolls of magic mapping
 i - 9 scrolls of identify
 j - 3 scrolls of random uselessness
 k - 4 scrolls of teleportation
 m - a scroll of recharging
 o - 4 scrolls of remove curse
 p - 2 scrolls of enchant weapon
 q - a scroll of fear
 y - 2 scrolls of enchant armour
Potions
 c - 2 potions of magic
 h - 5 potions of curing
 l - 4 potions of heal wounds
 n - 3 potions of agility {unknown}
 r - a potion of ambrosia {unknown}
 t - 2 potions of flight {unknown}
 v - a potion of invisibility
 A - a potion of restore abilities {unknown}
 C - 2 potions of lignification {unknown}
 H - 2 potions of haste {unknown}
 M - a potion of beneficial mutation {unknown}
 O - 2 potions of poison {unknown}
 Q - a potion of might {unknown}
 R - 2 potions of cure mutation {unknown}
Books
 G - a book of Beasts

   Spells                             Type                      Level
   a - Summon Butterflies             Summoning                    1
   b - Call Canine Familiar           Summoning                    3
   c - Summon Ice Beast               Ice/Summoning                4
   d - Summon Mana Viper              Hexes/Summoning              5
   e - Monstrous Menagerie            Summoning                    6
   f - Summon Hydra                   Summoning                    7
 S - a book of Debilitation

   Spells                             Type                      Level
   a - Corona                         Hexes                        1
   b - Slow                           Hexes                        2
   c - Gell's Gravitas                Hexes/Translocation          3
   d - Inner Flame                    Hexes/Fire                   3
   e - Cause Fear                     Hexes                        4
   f - Leda's Liquefaction            Hexes/Earth                  4
Miscellaneous
 N - a phantom mirror
Comestibles
 b - 7 bread rations
 d - 10 meat rations
 z - 2 beef jerkies
 B - a royal jelly
 W - a chunk of flesh
 X - 12 fruits
 Y - 6 slices of pizza


   Skills:
 + Level 3.6 Fighting
 + Level 2.1 Throwing
 + Level 1.3 Armour
 + Level 3.5 Dodging
 - Level 1.1 Stealth
 * Level 15.2 Unarmed Combat
 + Level 2.2 Invocations


You had 9 spell levels left.
You didn't know any spells.

Dungeon Overview and Level Annotations

Branches:
Dungeon (9/15)             Temple (1/1) D:7            Lair (0/8) D:9
    Orc: D:9-12

Altars:
Ashenzari
Cheibriados
Dithmenos
Elyvilon
Fedhas
Makhleb
Nemelex Xobeh
Okawaru
Qazlal
Ru
Sif Muna
Trog
Yredelemnul
Zin
The Shining One


Innate Abilities, Weirdness & Mutations

You are too large for most types of armour.
You have claws for hands.
Your metabolism is lightning-fast.
You like to eat raw meat.
You heal very quickly.
You are covered in fur (AC +1).
You have very tough skin (AC +2).


Message History

The big kobold is moderately wounded.
The tomahawk of returning returns to your pack!
The two-headed hydra bites you! The two-headed hydra bites you.
Throwing (i - inventory. (,) - cycle):
x - 2 tomahawks of returning (quivered)
Press: ? - help, Shift-Dir - straight line, f/p - two-headed hydra
Aim: a two-headed hydra (heavily wounded)
You throw a tomahawk of returning.
The tomahawk of returning hits the two-headed hydra.
The two-headed hydra is severely wounded.
The tomahawk of returning returns to your pack!
The two-headed hydra bites you but does no damage.
The two-headed hydra bites you!
* * * LOW HITPOINT WARNING * * *
Unknown command.
Read which item? (? for menu, Esc to quit)
As you read the scroll of teleportation, it crumbles to dust.
You feel strangely unstable. The two-headed hydra bites you!
* * * LOW HITPOINT WARNING * * *
The two-headed hydra bites you!
You die...

**** # ***,,* ##
*,,*** #.
##########.*#### *#
#....@DK.#.*#..## #
#.....#.)#.*#...## #
##'''###+#.###...#####
#.....P≈.#...#.....##.
#.....≈≈P#....#.......
#..P..P≈≈##...<.......
#......≈P###..........
#.≈.≈.≈PP#...........#
####)#####.##.......##


You could see a two-headed hydra and a big kobold.

Vanquished Creatures
  A tengu warrior (D:8)
  The ghost of Baka the Basher, an experienced GrFi of Okawaru (D:8)
  Pikel (D:6)
  2 trolls (D:9)
  6 yaks (D:9)
  Sigmund (D:2)
  A hungry ghost (D:7)
  Eustachio (D:5)
  5 ogres
  2 slaves (D:6)
  A black bear (D:7)
  An ice beast (D:7)
  3 orc warriors
  A phantom (D:9)
  A necrophage (D:8)
  5 centaurs
  4 big kobolds
  4 giant frogs
  A wyvern zombie (D:7)
  9 scorpions
  7 killer bees
  5 wights (D:9)
  5 crimson imps
  A giant frog zombie (D:9)
  A centaur skeleton (D:8)
  Crazy Yiuf (D:3)
  An orc priest (D:9)
  A giant frog skeleton (D:9)
  5 hounds
  A jelly (D:7)
  A quasit (D:9)
  3 iguanas
  A worker ant (D:8)
  2 sheep (D:9)
  17 adders
  A gnoll (D:5)
  2 shadow imps
  An ufetubus (D:5)
  3 oozes
  3 giant geckos
  16 orcs
  21 bats
  A bat zombie (D:6)
  7 giant cockroaches
  9 hobgoblins
  3 quokkas
  8 giant newts
  8 goblins
  9 jackals
  21 kobolds
  A quokka zombie (D:6)
  14 rats
231 creatures vanquished.

Notes
Turn   | Place    | Note
--------------------------------------------------------------
     0 | D:1      | Ftr, the Troll Monk, began the quest for the Orb.
     0 | D:1      | Reached XP level 1. HP: 22/22 MP: 0/0
   314 | D:1      | Reached XP level 2. HP: 27/29 MP: 1/1
   619 | D:1      | Reached skill level 5 in Unarmed Combat
   647 | D:1      | Reached XP level 3. HP: 36/36 MP: 2/2
   830 | D:2      | Noticed Sigmund
   835 | D:2      | Killed Sigmund
   835 | D:2      | Reached skill level 6 in Unarmed Combat
   835 | D:2      | Reached XP level 4. HP: 44/44 MP: 3/3
   835 | D:2      | Reached XP level 5. HP: 50/50 MP: 4/4
  1155 | D:2      | Reached skill level 7 in Unarmed Combat
  1980 | D:3      | Reached XP level 6. HP: 54/59 MP: 5/5
  2047 | D:3      | Found a sacrificial altar of Ru.
  2233 | D:3      | Noticed Crazy Yiuf
  2241 | D:3      | Killed Crazy Yiuf
  2319 | D:4      | Reached skill level 8 in Unarmed Combat
  2453 | D:4      | Found a white marble altar of Elyvilon.
  2596 | D:4      | Reached XP level 7. HP: 36/66 MP: 6/6
  2989 | D:5      | Entered Level 5 of the Dungeon
  2990 | D:5      | Found a shadowy altar of Dithmenos.
  3025 | D:5      | Noticed Eustachio
  3040 | D:5      | Killed Eustachio
  3040 | D:5      | Reached skill level 9 in Unarmed Combat
  3364 | D:5      | Found an iron altar of Okawaru.
  3689 | D:5      | Reached skill level 10 in Unarmed Combat
  3760 | D:5      | Reached XP level 8. HP: 74/74 MP: 7/7
  4036 | D:6      | Found a shadowy altar of Dithmenos.
  4123 | D:6      | Found a blossoming altar of Fedhas.
  4455 | D:6      | Noticed Pikel
  4477 | D:6      | Killed Pikel
  4477 | D:6      | Reached skill level 11 in Unarmed Combat
  4724 | D:7      | Reached skill level 12 in Unarmed Combat
  4725 | D:7      | Reached XP level 9. HP: 31/80 MP: 8/8
  4941 | D:7      | Found a staircase to the Ecumenical Temple.
  4948 | Temple   | Entered the Ecumenical Temple
  4960 | Temple   | Became a worshipper of Makhleb the Destroyer
  4960 | Temple   | Acquired Makhleb's first power
  4960 | Temple   | Acquired Makhleb's second power
  5457 | D:7      | Reached skill level 13 in Unarmed Combat
  5972 | D:8      | Noticed a tengu warrior
  5979 | D:8      | Killed a tengu warrior
  5979 | D:8      | Reached skill level 14 in Unarmed Combat
  6005 | D:8      | Noticed Baka's ghost (experienced GrFi)
  6023 | D:8      | Killed Baka's ghost
  6023 | D:8      | Reached XP level 10. HP: 88/88 MP: 9/9
  6046 | D:8      | Acquired Makhleb's third power
  6385 | D:8      | Found a shadowy altar of Dithmenos.
  6743 | D:8      | Found a shattered altar of Ashenzari.
  6743 | D:8      | Found a basalt altar of Yredelemnul.
  6744 | D:8      | Found a stormy altar of Qazlal.
  7005 | D:9      | Found a staircase to the Lair.
  7010 | D:9      | Reached skill level 1 in Invocations
  7024 | D:9      | Acquired Makhleb's fourth power
  7129 | D:9      | Reached skill level 1 in Throwing
  7164 | D:9      | Reached skill level 15 in Unarmed Combat
  7489 | D:9      | Reached skill level 1 in Armour
  7608 | D:9      | Noticed a two-headed hydra
  7625 | D:9      | Slain by a two-headed hydra

Action                   |  1- 3 |  4- 6 |  7- 9 | 10-12 || total
-------------------------+-------+-------+-------+-------++-------
Melee: Unarmed           |    61 |   114 |   286 |   168 ||   629
Throw: Tomahawk          |       |       |       |    15 ||    15
  Use: Potion            |       |       |     3 |       ||     3
       Scroll            |       |       |       |    17 ||    17
 Stab: Sleeping          |     1 |     1 |     3 |       ||     5
  Eat: Chunk             |    11 |    17 |    33 |    17 ||    78
